 Dungeon Crawl Stone Soup version 0.28-a0-1624-g820543e53a (webtiles) character file.

Game seed: 14382602050478576462

150 HallandMoats the Vandal (level 5, -1/45 HPs)
             Began as a Ghoul Hunter on Jan 23, 2022.
             Was a Follower of Nemelex Xobeh.
             Slain by a gnoll (7 damage)
             ... on level 3 of the Dungeon.
             The game lasted 00:02:03 (1572 turns).

HallandMoats the Vandal (Ghoul Hunter)              Turns: 1572, Time: 00:02:03

Health: -1/45      AC:  5    Str: 16    XL:     5   Next: 32%
Magic:  4/4        EV: 11    Int:  6    God:    Nemelex Xobeh [*.....]
Gold:   163        SH:  0    Dex: 11    Spells: 4/4 levels left

rFire   . . .      SeeInvis .   b - +1 dagger (venom)
rCold   + . .      Faith    .   (no shield)
rNeg    + + +      Spirit   .   f - +0 ring mail
rPois   ∞          Reflect  .   (no helmet)
rElec   .          Harm     .   (no cloak)
rCorr   .          Rampage  .   (no gloves)
Will    .....                   (no boots)
Stlth   +.........              (no amulet)
HPRegen 0.00/turn               (no ring)
MPRegen 0.09/turn               (no ring)

@: inhibited regen
A: claws 1, cold resistance 1, negative energy resistance 3, inhibited
regeneration, torment resistance 2
a: Renounce Religion, Draw Escape, Draw Destruction, Draw Summoning


You were on level 3 of the Dungeon.
You worshipped Nemelex Xobeh.
Nemelex Xobeh was aware of your devotion.
You visited 1 branch of the dungeon, and saw 3 of its levels.

You collected 163 gold pieces.

Inventory:

Hand Weapons
 a - a +1 hunting sling
 b - a +1 dagger of venom (weapon)
Armour
 f - a +0 ring mail (worn)
Jewellery
 j - a ring of willpower
Scrolls
 e - 3 scrolls of identify {unknown}
 k - a scroll of holy word {unknown}
 m - a scroll of magic mapping {unknown}
Potions
 c - 2 potions of curing {unknown}
 g - a potion of brilliance {unknown}
 h - 3 potions of magic {unknown}
 i - 2 potions of ambrosia {unknown}
 l - a potion of berserk rage {unknown}
 n - a potion of degeneration {unknown}
 o - a potion of attraction {unknown}


   Skills:
 + Level 3.2 Fighting
 * Level 4.5 Slings
 + Level 1.6 Armour
 + Level 2.5 Dodging
 - Level 1.1 Stealth
 * Level 1.0 Invocations


You had 4 spell levels left.
You didn't know any spells.
Your spell library was empty.

Dungeon Overview and Level Annotations

Branches:
Dungeon (3/15)

Altars:
Nemelex Xobeh


Innate Abilities, Weirdness & Mutations

You thrive by killing the living.
You are immune to poison.
You have sharp fingernails.
Your flesh is cold resistant. (rC+)
You are immune to negative energy. (rN+++)
You do not regenerate when monsters are visible.
You are immune to unholy pain and torment.


Message History

There are monsters nearby!
You are too injured to fight recklessly!
Unknown command.
You are too injured to fight recklessly!
Unknown command.
You are too injured to fight recklessly!
Unknown command.
You are too injured to fight recklessly!
Unknown command.
You are too injured to fight recklessly!
Unknown command.
Your +1 dagger of venom begins to drip with poison!
b - a +1 dagger of venom (weapon)
The gnoll hits you but does no damage. x2
The gnoll hits you from afar with a +0 spear.
You are too injured to fight recklessly!
You hit the gnoll.
The gnoll is poisoned.
The gnoll is severely wounded.
The gnoll hits you with a +0 club.
* * * LOW HITPOINT WARNING * * *
The gnoll misses you.
The gnoll hits you from afar with a +0 spear.
* * * LOW HITPOINT WARNING * * *
The gnoll completely misses you.
You see here a sling bullet.
You draw a card...
You have drawn the Dance.
The deck of cards glows with a rainbow of weird colours and disappears.
The gnoll hits you with a +0 club.
* * * LOW HITPOINT WARNING * * *
The gnoll hits you but does no damage.
Unknown command.
You kill the gnoll!
Your +0 quarterstaff hits the gnoll!
The gnoll dies!
Your Invocations skill increases to level 1!
The gnoll hits you but does no damage.
Your +0 quarterstaff hits the gnoll.
You swap places.
The gnoll hits you with a +0 club!
You die...
Your body glows slightly and disappears.

.###......# .(..
.......#### #####(#
.......# ####(.))(#
.......# #.....#)(#
#......# #..###.#..#
#......##..##...#.##
+......#..##...##.#
#.....##.##....#..#
#.....##.#....##@##
#.....#..#...##g(#
#^....#..).###..##
#####.#.####...##
#.#......###
#.....#### #######


You could see a gnoll (ally target) and a friendly +0 quarterstaff (summoned).

Vanquished Creatures
  8 adders (D:2)
  3 gnolls (D:3)
  2 dart slugs (D:2)
  2 endoplasms
  A giant cockroach (D:2)
  2 hobgoblins
  A kobold (D:2)
  7 ball pythons (D:2)
  3 bats
  A frilled lizard (D:2)
  7 goblins
  3 rats (D:2)
40 creatures vanquished.

Vanquished Creatures (collateral kills)
  A gnoll (D:3)
1 creature vanquished.

Grand Total: 41 creatures vanquished

Notes
Turn   | Place    | Note
-------+----------+-------------------------------------------
     0 | D:1      | HallandMoats the Ghoul Hunter began the quest for the Orb.
     0 | D:1      | Reached XP level 1. HP: 17/17 MP: 0/0
   202 | D:1      | Reached XP level 2. HP: 25/25 MP: 1/1
   493 | D:2      | Found a faded altar of an unknown god.
   503 | D:2      | Prayed at the altar of an unknown god.
   503 | D:2      | Became a worshipper of Nemelex Xobeh the Trickster
   503 | D:2      | Reached * piety under Nemelex Xobeh
   521 | D:2      | Received a gift from Nemelex Xobeh
   665 | D:2      | Reached skill level 4 in Slings
   665 | D:2      | Reached XP level 3. HP: 30/30 MP: 2/2
   816 | D:2      | Reached skill level 1 in Armour
   926 | D:2      | Reached XP level 4. HP: 28/37 MP: 3/3
  1529 | D:3      | Reached XP level 5. HP: 39/45 MP: 4/4
  1564 | D:3      | Reached skill level 1 in Invocations
  1572 | D:3      | Slain by a gnoll

Illustrated notes

Levels and vault maps discovered:
D:1:      co_arrival_square_in_a_square_in_a_square, layout_rooms,
          lemuel_old_faithful
D:2:      layout_basic, shapermc_ecumenical_altar_mp_highgroup,
          minmay_snake_closets
D:3:      minmay_evil_eye, layout_basic, amcnicky_altar_gilded

Skill      XL: |  1  2  3  4  5 |
---------------+----------------+-----
Dodging        | 2 |  2.5
Slings         | 4 |  4.5
Armour         | 1 |  1.6
Fighting       | 3 |  3.2
Invocations    | 1 |  1.0
Stealth        | |  1.1

Action                   |  1- 3 |  4- 6 || total
-------------------------+-------+-------++-------
Melee: Dagger            |     9 |    44 ||    53
       Punch             |       |     1 ||     1
 Fire: Hunting sling     |    75 |    21 ||    96
Invok: Draw Summoning    |       |     1 ||     1
Armor: Ring mail         |    16 |    18 ||    34
Dodge: Dodged            |    23 |    33 ||    56

Table legend: (Time is in decaauts)
 A = Elapsed time spent in this place.
 B = Non-inter-level travel time spent in this place.
 C = Inter-level travel time spent in this place.
 D = Time resting spent in this place.
 E = Time spent auto-exploring this place.
 F = Levels seen in this place.
 G = Mean time per level.
                   A        B        C        D        E       F      G
               +--------+--------+--------+--------+--------+-----+--------+
         Total |   1570 |   1525 |     45 |      0 |   1230 |   3 |  523.3 |
       Dungeon |   1570 |   1525 |     45 |      0 |   1230 |   3 |  523.3 |
               +--------+--------+--------+--------+--------+-----+--------+

Top non-repeatable levels by time:
     D:2: 827 daAuts
     D:1: 480 daAuts
     D:3: 262 daAuts
